 Dungeon Crawl Stone Soup version 0.29-a0-993-g4a18f31a58 (webtiles) character file.

Game seed: 11955597829942875097

438247 drugrobin the Slayer (level 21, -24/164 (211) HPs)
             Began as a Demigod Fighter on Aug 2, 2022.
             Killed from afar by a lich (51 damage)
             ... with a bolt of cold
             ... on level 1 of the Depths.
             The game lasted 03:36:46 (53091 turns).

drugrobin the Slayer (Demigod Fighter)             Turns: 53091, Time: 03:36:48

HP:   -24/164 (211) AC: 35    Str: 32    XL:     21   Next: 98%
MP:   38/38         EV: 10    Int: 30    God:
Gold: 2575          SH: 12    Dex: 16    Spells: 19/36 levels left

rFire   . . .      SeeInvis +   a - +9 broad axe (spect)
rCold   . . .      Faith    .   Q - +2 buckler
rNeg    . . .      Spirit   .   y - +6 storm dragon scales {Bai Suzhen}
rPois   +          Reflect  +   X - +2 helmet {SInv}
rElec   +          Harm     .   H - +2 cloak {rPois}
rCorr   .          Rampage  +   Z - +2 pair of gloves of the Monk {Rampage rC- Regen+ Int+4}
Will    ++...                   c - +1 pair of boots of Wacathuc {Str+3 Dex+3}
Stlth   ..........              q - amulet of reflection
HPRegen 1.17/turn               I - ring of protection from cold
MPRegen 0.26/turn               u - +4 ring of slaying

@: mighty, about to teleport, heavily drained
A: high MP 1, forlorn, divine attributes
}: 2/15 runes: barnacled, gossamer
a: no special abilities


You were on level 1 of the Depths.
You visited 9 branches of the dungeon, and saw 39 of its levels.
You also visited: Sewer, Volcano and Desolation.

You collected 4867 gold pieces.
You spent 2292 gold pieces at shops.

Inventory:

Hand Weapons
 a - a +9 spectral broad axe (weapon)
 b - a +1 war axe of venom
 o - the +5 lochaber axe {reach-cleave, poleaxe}
   (You took it off a deep elf pyromancer on level 3 of the Elven Halls)

   It can be evoked to extend its reach, and strikes at all foes within reach,
   dealing less damage to those not targeted.
   It uses either Axes or Polearms skill, whichever is higher.
Missiles
 B - 6 throwing nets
 J - 7 silver javelins (quivered)
 W - 10 curare-tipped darts
Armour
 c - the +1 pair of boots of Wacathuc (worn) {Str+3 Dex+3}
   (You found it on level 3 of the Elven Halls)

   Str:       It affects your strength (+3).
   Dex:       It affects your dexterity (+3).
 y - +6 storm dragon scales (worn) {Bai Suzhen}
 H - a +2 cloak of poison resistance (worn)
 Q - a +2 buckler (worn)
 X - a +2 helmet of see invisible (worn)
 Z - the +2 pair of gloves of the Monk (worn) {Rampage rC- Regen+ Int+4}
   (You found it on level 4 of the Lair of Beasts)

   Int:       It affects your intelligence (+4).
   rC:        It makes you vulnerable to cold.
   Regen:     It increases your rate of health regeneration.
   Rampage:   It bestows one free step when moving towards enemies.
Jewellery
 q - an amulet of reflection (around neck)
 u - a +4 ring of slaying (right hand)
 v - the ring "Ogryr" {rPois Will- rCorr Str+4 Dex+6}
   (You took it off a deep elf pyromancer on level 3 of the Elven Halls)

   [ring of dexterity]

   Str:       It affects your strength (+4).
   Dex:       It affects your dexterity (+6).
   rPois:     It protects you from poison.
   rCorr:     It protects you from acid and corrosion.
   Will:      It decreases your willpower.
 D - a ring of willpower
 I - a ring of protection from cold (left hand)
 K - a ring of fire
 R - a ring of wizardry
Wands
 n - a wand of mindburst (19)
 r - a wand of iceblast (24)
 w - a wand of polymorph (10)
 A - a wand of charming (36)
 U - a wand of digging (12)
 Y - a wand of quicksilver (5)
Scrolls
 f - 9 scrolls of fog
 j - 13 scrolls of teleportation
 m - a scroll of blinking
 t - 3 scrolls of fear
 E - 6 scrolls of summoning
 F - 4 scrolls of magic mapping
 P - 2 scrolls of silence
 S - 6 scrolls of poison
Potions
 g - 6 potions of heal wounds
 h - 8 potions of flight
 k - 2 potions of berserk rage
 s - 9 potions of lignification
 x - 5 potions of invisibility
 z - 18 potions of curing
 C - 10 potions of haste
 G - 2 potions of resistance
 L - 3 potions of might
 T - 7 potions of ambrosia
 V - 5 potions of cancellation
Miscellaneous
 d - a tin of tremorstones (1/2)
 e - a box of beasts (inert)
 p - a condenser vane (inert)
 M - a phial of floods
 N - a lightning rod (4/4)
 O - a phantom mirror


   Skills:
 + Level 23.1 Fighting
 * Level 18.5 Axes
 + Level 13.4 Armour
 - Level 1.8 Dodging
 - Level 2.6 Shields
 - Level 8.0 Spellcasting
 + Level 15.8 Necromancy
 - Level 10.0 Evocations


You had 19 spell levels left.
You knew the following spells:

 Your Spells              Type           Power      Damage    Failure   Level
a - Blink                 Tloc           24%        N/A       26%         2
b - Animate Dead          Necr           82%        N/A       1%          4
c - Anguish               Hex/Necr       28%        N/A       7%          4
d - Borgnjor's Vile Clut  Necr/Erth      28%        N/A       21%         5
e - Wereblood             Tmut           12%        N/A       26%         2

Your spell library contained the following spells:

 Spells                   Type           Power      Damage    Failure   Level
 Sublimation of Blood     Necr           82%        N/A       1%          2
 Dispel Undead            Necr           82%        3d27      1%          4
 Magic Dart               Conj           48%        1d5       19%         1
 Corpse Rot               Necr/Pois/Air  43%        N/A       21%         4
 Searing Ray              Conj           24%        2d5       26%         2
 Static Discharge         Conj/Air       12%        3-5/arc   26%         2
 Confusing Touch          Hex            12%        N/A       47%         3
 Conjure Flame            Conj/Fire      12%        6-21      47%         3
 Frozen Ramparts          Ice            24%        1d10      47%         3
 Inner Flame              Hex/Fire       12%        N/A       47%         3
 Lesser Beckoning         Tloc           12%        N/A       47%         3
 Portal Projectile        Hex/Tloc       24%        N/A       47%         3
 Stone Arrow              Conj/Erth      24%        3d8       47%         3
 Tukima's Dance           Hex            12%        N/A       47%         3
 Simulacrum               Ice/Necr       28%        N/A       73%         6
 Animate Armour           Summ/Erth      24%        N/A       87%         4
 Cause Fear               Hex            6%         N/A       87%         4
 Fulminant Prism          Conj/Hex       6%         3d7       87%         4
 Hailstorm                Conj/Ice       12%        3d5       87%         4
 Ice Form                 Ice/Tmut       12%        N/A       87%         4
 Passage of Golubria      Tloc           12%        N/A       87%         4
 Petrify                  Tmut/Erth      12%        N/A       87%         4
 Sticky Flame             Conj/Fire      12%        2d4       87%         4
 Summon Ice Beast         Ice/Summ       12%        N/A       87%         4
 Summon Lightning Spire   Summ/Air       12%        N/A       87%         4
 Borgnjor's Revivificati  Necr           41%        N/A       87%         8
 Infestation              Necr           41%        N/A       87%         8
 Blade Hands              Tmut           6%         N/A       99%         5
 Fireball                 Conj/Fire      6%         3d5       99%         5
 Freezing Cloud           Conj/Ice/Air   6%         6-21      99%         5
 Irradiate                Conj/Tmut      6%         3d13      99%         5
 Manifold Assault         Tloc           12%        N/A       99%         5
 Metabolic Englaciation   Hex/Ice        6%         N/A       99%         5
 Silence                  Hex/Air        6%         N/A       99%         5
 Yara's Violent Unravell  Hex/Tmut       6%         3d5       99%         5
 Haunt                    Necr/Summ      28%        N/A       99%         7
 Starburst                Conj/Fire      6%         6d4       100%        6
 Statue Form              Tmut/Erth      8%         N/A       100%        6
 Dragon Form              Tmut           6%         N/A       100%        7
 Enfeeble                 Hex            6%         N/A       100%        7
 Malign Gateway           Summ/Tloc      6%         N/A       100%        7
 Storm Form               Tmut/Air       6%         N/A       100%        7
 Summon Hydra             Summ           6%         N/A       100%        7
 Discord                  Hex            6%         N/A       100%        8
 Ignition                 Fire           6%         3d4       100%        8
 Lehudib's Crystal Spear  Conj/Erth      6%         10d3      100%        8
 Maxwell's Capacitive Co  Air            6%         ∞         100%        8
 Summon Horrible Things   Summ           6%         N/A       100%        8
 Dragon's Call            Summ           6%         N/A       100%        9
 Polar Vortex             Ice            6%         N/A       100%        9
 Shatter                  Erth           6%         3d9*      100%        9


Dungeon Overview and Level Annotations

Branches:
Dungeon (15/15)            Temple (1/1) D:6            Lair (5/5) D:10
 Shoals (4/4) Lair:2       Spider (4/4) Lair:3        Slime (0/5) Lair:5
    Orc (2/2) D:10            Elf (3/3) Orc:2        Vaults (4/5) D:14
  Crypt (0/3) Vaults:2     Depths (1/4) D:15          Sewer (visited)
Volcano (visited)         Desolation (visited)

Shops:
D:3 :   D:5 **   D:6 *   D:9 *   Orc:2 ?:*[   Elf:3 !   Shoals:1 *   Vaults:1 =
Vaults:2 *   Vaults:3 ?   Depths:1 **

Portals:
Hell: Lair:5

Annotations:
Lair:2 exclusion: oklob plant
Lair:5 exclusion: oklob plant
Depths:1 4 runed translucent doors, exclusions: obsidian statue and orange crystal statue, Bysat's ghost, adept DgFi


Innate Abilities, Weirdness & Mutations

You have an increased reservoir of magic. (+10% MP)
You shall have no god before yourself.
Your divine heritage dramatically boosts your attributes as you level up.


Message History

The lich casts a spell at you. You resist with some effort.
The spark wasp stings you!
* * * LOW HITPOINT WARNING * * *
The spark wasp shocks you. You resist.
* * * LOW HITPOINT WARNING * * *
Your surroundings suddenly seem different.
The spark wasp bursts into living lightning!
The living lightning hits the lich!!
The living lightning hits you. You resist.
* * * LOW HITPOINT WARNING * * *
The spark wasp blinks! x3; You block the lich's attack.
Unknown command.
Unknown command.
Unknown command.
As you read the scroll of teleportation, it crumbles to dust.
You feel strangely unstable. The lich closely misses you.
The spark wasp stings you!
* * * LOW HITPOINT WARNING * * *
The spark wasp shocks you. You resist.
* * * LOW HITPOINT WARNING * * *
The necromancer gestures at you while chanting.
The bolt of negative energy misses the spriggan berserker zombie.
The bolt of negative energy hits you.
You feel drained.
* * * LOW HITPOINT WARNING * * *
Unknown command.
Unknown command.
Unknown command.
Unknown command.
Unknown command.
Okay, then.
Unknown command.
Okay, then.
Okay, then.
Okay, then.
You feel much better.
The spark wasp buzzes angrily.
The lich touches you.
* * * LOW HITPOINT WARNING * * *
The lich gestures at you while chanting.
The bolt of cold hits you!!!
You die...

#'###########
#............#
#.......?....#
#..y.........#
#....§.......#
#....Z.......#
#......Z.....#
#.yLZZ.Z.....#
#.y@yp.......#
#######+######


You could see a lich (fast, invisible), 4 spark wasps, a necromancer, 2 spriggan
berserker zombies, a spriggan air mage zombie, a titan zombie and an ettin
skeleton.

Vanquished Creatures
  A dread lich (Depths:1)
  Bai Suzhen (Spider:4)
  Xtahua (Vaults:2)
  Nikola (Shoals:4)
  Jorgrun (Spider:3)
  Mlioglotl (Shoals:4)
  Asterion (Spider:3)
  2 deep elf master archers (Elf:3)
  5 deep elf blademasters
  Polyphemus (Shoals:4)
  A shadow dragon (Depths:1)
  A kraken (Shoals:2)
  Gastronok (D:8)
  A sphinx (Vaults:2)
  Kirke (Lair:4)
  Donald (Spider:4)
  12 deep elf sorcerers
  An imperial myrmidon (Desolation)
  6 emperor scorpions
  3 orc warlords
  A frost giant (D:15)
  4 ghost moths
  9 vault wardens
  3 deep elf elementalists
  4 stone giants (Depths:1)
  2 war gargoyles
  The ghost of testman the Peltast, a journeyman FoHu of Hepliaklqana (D:14)
  A vampire knight (Vaults:2)
  2 broodmothers
  11 ironbound preservers
  Azrael (D:15)
  3 entropy weavers
  7 ironbound thunderhulks
  5 deep elf demonologists (Elf:3)
  6 deep elf annihilators (Elf:3)
  3 spark wasps
  5 dire elephants
  4 halazid warlocks (Desolation)
  5 deep elf death magi (Elf:3)
  2 ettins (Depths:1)
  Snorg (Lair:3)
  5 merfolk javelineers
  9 merfolk impalers
  7 crystal guardians
  2 ragged hierophants (Desolation)
  2 deep elf high priests
  14 vault guards
  The ghost of BleedingAnus the Severer, a journeyman HOMo of Beogh (D:12)
  Erolcha (D:10)
  9 great orbs of eyes
  5 servants of whispers (Desolation)
  11 yaktaur captains
  Fannar (Orc:1)
  3 ice dragons (Depths:1)
  3 ogre magi
  16 hydras
  2 radroaches
  9 ironbound frosthearts
  2 alligator snapping turtles
  9 peacekeepers
  3 merfolk avatars
  9 boulder beetles
  Erica (Lair:2)
  22 centaur warriors
  4 merfolk aquamancers
  4 satyrs
  7 tengu warriors
  12 two-headed ogres
  A catoblepas (Shoals:4)
  30 dancing weapons
  21 death yaks
  An alligator (Lair:4)
  A vampire mage (Depths:1)
  17 deep elf knights
  A soul eater (Depths:1)
  Amaemon (Lair:2)
  5 skeletal warriors
  A sun moth (Spider:3)
  4 steelbarb worms
  Lodul (D:10)
  A sixfirhy (Lair:5)
  4 sea snakes
  2 pharaoh ants
  32 deep trolls
  9 deep elf archers
  A tengu zombie (Vaults:4)
  A glowing orange brain (Vaults:1)
  18 ironbound convokers
  14 wizards
  Pikel (D:8)
  11 harpies
  A phantasmal warrior (Vaults:2)
  6 orb spiders
  5 lindwurms
  A harpy (shapeshifter) (D:14)
  2 necromancers
  5 orc knights
  11 fauns
  32 deep elf zephyrmancers
  35 ugly things
  21 deep elf pyromancers
  3 cyclopes
  14 wolf spiders
  14 orc sorcerers
  5 moths of wrath
  14 manticores
  A stone giant zombie (Depths:1)
  5 toenail golems (Volcano)
  3 black mambas
  A human skeleton (Vaults:4)
  13 vault sentinels
  2 stone giant skeletons (Vaults:4)
  6 merfolk sirens
  A molten gargoyle (Desolation)
  A guardian serpent (Desolation)
  4 water nymphs
  6 cane toads
  9 rime drakes
  3 orange demons
  6 torpor snails
  Psyche (D:8)
  Maggie (D:6)
  4 demonic crawlers
  2 ice devils (Lair:5)
  8 komodo dragons
  An efreet (D:15)
  30 yaktaurs
  A hellwing (Lair:5)
  A human zombie (Vaults:2)
  3 trolls
  2 tengu conjurers
  38 merfolk
  9 meliai
  5 polar bears
  A red devil (Lair:5)
  6 wind drakes
  A blink frog (shapeshifter) (D:15)
  6 hornets
  19 tarantellas
  Grinder (D:6)
  28 saltlings (Desolation)
  6 slime creatures
  12 snapping turtles
  28 blink frogs
  22 jumping spiders
  5 dream sheep (Lair:5)
  A human simulacrum (Vaults:4)
  An air elemental (Elf:1)
  Sigmund (D:5)
  2 shadows
  12 culicivoras
  A spriggan (D:14)
  5 water elementals
  7 wraiths
  6 wyverns
  5 fire elementals
  50 yaks
  4 hogs (Lair:4)
  52 redbacks
  Menkaure (D:6)
  5 basilisks
  A steam dragon (D:9)
  8 vampire mosquitoes (D:11)
  9 wargs
  A yaktaur simulacrum (Vaults:2)
  2 acid dragons
  11 water moccasins
  7 hell hounds
  2 sky beasts
  22 orc warriors
  An ogre skeleton (Vaults:2)
  A meliai simulacrum (D:13)
  2 black bears
  17 ogres
  A boggart (D:14)
  9 wolves
  26 centaurs
  A phantom (D:6)
  Blork the orc (D:4)
  3 kobold brigands
  10 bullfrogs
  A gnoll sergeant (D:6)
  2 necrophages
  6 earth elementals
  A scorpion (Lair:4)
  8 wights
  5 killer bees
  2 electric eels
  10 howler monkeys
  8 jellies
  17 orc priests
  4 hounds
  Crazy Yiuf (D:4)
  37 orc wizards
  Ijyb (D:4)
  14 gnolls
  9 adders
  2 river rats (Sewer)
  A shadow imp (D:6)
  2 white imps
  An ufetubus (D:4)
  2 worms
  4 dart slugs
  108 orcs
  4 ball pythons
  12 bats
  18 endoplasms
  5 giant cockroaches
  7 goblins
  3 hobgoblins
  9 quokkas
  9 frilled lizards
  25 kobolds
  10 rats
  3 bushes (D:14)
  A fungus (Lair:3)
  4 tentacles (Shoals:2)
1589 creatures vanquished.

Vanquished Creatures (collateral kills)
  Ilsuiw (Shoals:3)
  An ironbound preserver (Vaults:3)
  2 ironbound thunderhulks
  A dire elephant (Vaults:1)
  An eidolon (Vaults:2)
  A crystal guardian (Vaults:2)
  A vault guard (Vaults:2)
  A centaur warrior (Vaults:2)
  An ironbound frostheart (Vaults:1)
  2 dancing weapons (Elf:2)
  A deep elf knight (Elf:2)
  A deep troll (Vaults:3)
  An ironbound convoker (Vaults:3)
  A wizard (Vaults:2)
  A harpy (Vaults:2)
  A deep elf archer (Elf:3)
  3 ugly things
  A merfolk (Shoals:3)
  A bullfrog (Lair:3)
23 creatures vanquished.

Vanquished Creatures (others)
  2 vault wardens (Vaults:2)
  A deep elf elementalist (Elf:3)
  An ironbound preserver (Vaults:2)
  A deep elf annihilator (Elf:3)
  A merfolk javelineer (Shoals:4)
  A vault guard (Vaults:2)
  A deep troll (Vaults:2)
  An ogre zombie (Vaults:2)
  2 ugly thing zombies (Depths:1)
  A wizard (Vaults:1)
  2 ugly things (Depths:1)
  A cyclops (D:15)
  A dire elephant zombie (Vaults:1)
  4 centaur zombies (Vaults:2)
  An ettin zombie (Depths:1)
  7 human zombies
  A human (Lair:4)
  A golden eye (shapeshifter) (Elf:3)
  22 elf zombies (Elf:3)
  A tengu zombie (Depths:1)
  7 deep troll zombies
  4 yaktaur zombies
  An orc (Orc:2)
  13 bushes
  65 fungi
  62 plants
  4 tentacles (Shoals:2)
  2 toadstools (D:3)
  A withered plant (D:12)
212 creatures vanquished.

Grand Total: 1824 creatures vanquished

Notes
Turn   | Place    | Note
-------+----------+-------------------------------------------
     0 | D:1      | drugrobin the Demigod Fighter began the quest for the Orb.
     0 | D:1      | Reached XP level 1. HP: 18/18 MP: 3/3
   234 | D:1      | Reached XP level 2. HP: 25/25 MP: 4/4
   968 | D:2      | Reached XP level 3. HP: 30/30 MP: 5/5
  2020 | D:3      | Reached XP level 4. HP: 37/37 MP: 6/6
  2047 | D:3      | Found Awkucziwne's Book Shop.
  2966 | D:4      | Noticed Ijyb
  2976 | D:4      | Killed Ijyb
  2977 | D:4      | Reached skill level 5 in Axes
  2977 | D:4      | Reached XP level 5. HP: 26/42 MP: 7/7
  3083 | D:4      | Noticed Blork the orc
  3098 | D:4      | Killed Blork the orc
  3106 | D:4      | Reached XP level 6. HP: 29/50 MP: 8/8
  3109 | D:4      | Found a glowing drain.
  3128 | Sewer    | Entered a sewer
  4403 | D:4      | Found a runed translucent door.
  4404 | D:4      | Noticed Crazy Yiuf
  4412 | D:4      | Killed Crazy Yiuf
  4499 | D:5      | Entered Level 5 of the Dungeon
  5084 | D:5      | Reached XP level 7. HP: 55/56 MP: 9/9
  5090 | D:5      | Found Acraunaq's Assorted Antiques.
  5131 | D:5      | Bought a scroll of identify for 52 gold pieces
  5131 | D:5      | Bought a pink potion for 23 gold pieces
  5131 | D:5      | Bought a scroll of identify for 52 gold pieces
  5131 | D:5      | Bought an inky potion for 23 gold pieces
  5299 | D:5      | Noticed Sigmund
  5303 | D:5      | Killed Sigmund
  5583 | D:5      | Found Aruh's General Store.
  5588 | D:5      | Found Vodiukecas's Specific Store.
  5592 | D:5      | Bought a scroll of fog for 44 gold pieces
  5596 | D:5      | Bought a +1 war axe of venom for 156 gold pieces
  5943 | D:6      | Found a staircase to the Ecumenical Temple.
  5949 | Temple   | Entered the Ecumenical Temple
  6002 | D:6      | Noticed Maggie
  6004 | D:6      | Noticed Menkaure
  6045 | D:6      | Killed Maggie
  6046 | D:6      | Reached XP level 8. HP: 43/62 MP: 10/10
  6148 | D:6      | Noticed Grinder
  6151 | D:6      | Killed Grinder
  6152 | D:6      | Reached skill level 10 in Axes
  6475 | D:6      | Killed Menkaure
  6650 | D:6      | Found Offusioj's Gadget Gallery.
  8129 | D:7      | Got the Atlas of the Mortuary and the Arsonist
  8225 | D:7      | Reached XP level 9. HP: 59/68 MP: 11/11
  8329 | D:7      | Learned a level 2 spell: Blink
  8567 | D:8      | Noticed Pikel
  8591 | D:8      | Killed Pikel
  8922 | D:8      | Noticed Psyche
  8933 | D:8      | Killed Psyche
  9882 | D:8      | Reached XP level 10. HP: 67/74 MP: 13/13
 10409 | D:8      | Reached skill level 3 in Fighting
 10909 | D:8      | Noticed Gastronok
 11015 | D:9      | Found a transporter.
 11017 | D:9      | Found a transporter.
 11018 | D:9      | Noticed a boulder beetle
 11294 | D:9      | Noticed a two-headed ogre
 11313 | D:9      | Killed a two-headed ogre
 11314 | D:9      | Reached skill level 4 in Fighting
 11447 | D:9      | Noticed a manticore
 11827 | D:8      | Killed Gastronok
 11828 | D:8      | Reached skill level 5 in Fighting
 12162 | D:9      | Killed a manticore
 12288 | D:10     | Entered Level 10 of the Dungeon
 12428 | D:5      | Bought a +1 helmet of see invisible for 231 gold pieces
 12551 | D:9      | Noticed a purple ugly thing
 12551 | D:9      | Noticed a red ugly thing
 12628 | D:10     | Noticed a death yak
 12830 | D:9      | Reached skill level 6 in Fighting
 13456 | D:8      | Killed a purple ugly thing
 13512 | D:9      | Killed a red ugly thing
 13513 | D:9      | Reached XP level 11. HP: 41/91 MP: 14/14
 14012 | D:9      | Found Elamigel's General Store.
 14386 | D:10     | Noticed a death yak
 14398 | D:9      | Killed a death yak
 14399 | D:9      | Reached skill level 7 in Fighting
 14399 | D:9      | Reached skill level 15 in Axes
 14534 | D:10     | Noticed a death yak
 14534 | D:10     | Noticed a death yak
 14543 | D:9      | Killed a death yak
 14638 | D:9      | Killed a death yak
 14808 | D:10     | Killed a death yak
 15056 | D:10     | Found a staircase to the Orcish Mines.
 15120 | D:10     | Found a staircase to the Lair.
 15187 | D:10     | Noticed Lodul
 15305 | D:10     | Noticed Erolcha
 15362 | Lair:1   | Entered Level 1 of the Lair of Beasts
 15387 | D:10     | Reached skill level 8 in Fighting
 15594 | D:10     | Noticed a two-headed ogre
 15600 | D:10     | Killed Lodul
 15608 | D:10     | Killed a two-headed ogre
 15723 | D:9      | Bought 5 curare-tipped darts for 45 gold pieces
 15723 | D:9      | Bought a scroll of teleportation for 45 gold pieces
 15723 | D:9      | Bought a potion of heal wounds for 75 gold pieces
 15723 | D:9      | Bought a scroll of identify for 30 gold pieces
 15820 | D:10     | Killed Erolcha
 16152 | Lair:1   | Reached skill level 1 in Evocations
 16422 | D:10     | Noticed a wizard
 16425 | D:10     | Noticed a tengu warrior
 16426 | D:10     | Killed a wizard
 16427 | D:10     | Reached skill level 9 in Fighting
 16441 | D:10     | Killed a tengu warrior
 16456 | D:10     | Noticed a boulder beetle
 16480 | D:10     | Killed a boulder beetle
 16659 | D:9      | Killed a boulder beetle
 16660 | D:9      | Reached XP level 12. HP: 101/104 MP: 15/15
 16789 | D:11     | Noticed a two-headed ogre
 16806 | D:11     | Killed a two-headed ogre
 17633 | Lair:1   | Reached skill level 10 in Fighting
 18491 | Lair:2   | Reached skill level 5 in Evocations
 18744 | Lair:2   | Noticed an eight-headed hydra
 19514 | D:6      | Bought a lightning rod (4/4) for 420 gold pieces
 19626 | Lair:2   | Noticed Amaemon
 20083 | Lair:2   | Killed Amaemon
 20141 | Lair:2   | Noticed Erica
 20188 | Lair:2   | Killed Erica
 20530 | Lair:2   | Killed an eight-headed hydra
 20606 | Lair:2   | Found a staircase to the Shoals.
 21214 | Lair:3   | Noticed Snorg
 21219 | Lair:3   | Reached XP level 13. HP: 101/115 MP: 16/16
 21377 | Lair:3   | Reached skill level 11 in Fighting
 21736 | Lair:3   | Killed Snorg
 21772 | Lair:3   | Found a hole to the Spider Nest.
 22307 | Lair:4   | Found a dark tunnel.
 22322 | Volcano  | Entered a volcano
 22943 | Lair:4   | Identified the +2 pair of gloves of the Monk {Rampage rC-
                  | Regen+ Int+4}
 23201 | Lair:4   | Reached skill level 12 in Fighting
 23533 | Lair:4   | Noticed Kirke
 23556 | Lair:4   | Killed Kirke
 24207 | Lair:4   | Reached XP level 14. HP: 91/127 MP: 17/17
 24353 | Lair:5   | Entered Level 5 of the Lair of Beasts
 24613 | Lair:5   | Identified the +8 short sword "Veegrud" {freeze, rElec}
 24741 | Lair:5   | Reached skill level 13 in Fighting
 24877 | Lair:5   | Reached skill level 10 in Evocations
 25310 | Lair:5   | Found a staircase to the Slime Pits.
 25736 | Lair:5   | Reached skill level 14 in Fighting
 25822 | Lair:5   | Reached skill level 1 in Spellcasting
 25850 | Lair:5   | Found a gateway to Hell.
 25857 | Lair:5   | Identified the +12 bardiche of Ru's Inspiration {vorpal,
                  | rElec}
 26102 | Lair:4   | Identified a scroll of acquirement
 26103 | Lair:4   | Acquired the +1 pair of gloves of Lugonu's Favour {Rampage
                  | rElec rF+ Dex+4}
 26253 | Orc:1    | Entered Level 1 of the Orcish Mines
 26339 | Orc:1    | Paralysed by an orc sorcerer for 2 turns
 26870 | Orc:2    | Entered Level 2 of the Orcish Mines
 27187 | Orc:2    | Found Ycil's Book Shop.
 27187 | Orc:2    | Found Zenwal's Magic Scroll Emporium.
 27224 | Orc:2    | Bought a scroll of enchant weapon for 120 gold pieces
 27224 | Orc:2    | Bought a scroll of identify for 32 gold pieces
 27224 | Orc:2    | Bought a scroll of identify for 32 gold pieces
 27224 | Orc:2    | Bought a scroll of enchant weapon for 120 gold pieces
 27304 | Orc:2    | Found a staircase to the Elven Halls.
 27353 | Orc:2    | Found Asaff's Armour Shop.
 27353 | Orc:2    | Found Zudunor's General Store.
 27370 | Orc:2    | Bought a scroll of enchant weapon for 97 gold pieces
 27370 | Orc:2    | Bought a potion of berserk rage for 65 gold pieces
 27370 | Orc:2    | Bought a potion of curing for 39 gold pieces
 27370 | Orc:2    | Bought a scroll of vulnerability for 52 gold pieces
 27370 | Orc:2    | Bought a potion of brilliance for 52 gold pieces
 27540 | Orc:1    | Noticed Fannar
 27540 | Orc:1    | Noticed an orc warlord
 27584 | Orc:2    | Killed an orc warlord
 27666 | Orc:1    | Killed Fannar
 27667 | Orc:1    | Reached XP level 15. HP: 117/139 MP: 26/26
 27814 | Orc:1    | You fall into a shaft and drop 1 floor!
 28293 | D:12     | Found a runed translucent door.
 28296 | D:12     | Noticed BleedingAnus's ghost (journeyman HOMo)
 28316 | D:12     | Killed BleedingAnus's ghost
 28320 | D:12     | Identified the +7 chain mail of Spring Thaw {rN++}
 28573 | D:13     | Reached skill level 15 in Fighting
 28573 | D:13     | Reached skill level 5 in Spellcasting
 28591 | D:13     | Got the Secrets of the Glacial Mausoleum
 29838 | D:14     | Found a runed translucent door.
 29840 | D:14     | Noticed testman's ghost (journeyman FoHu)
 29840 | D:14     | Identified the +12 trident of the Imbibing Gods {elec,
                  | Str+2}
 29868 | D:14     | Found a gate to the Vaults.
 30324 | D:14     | Killed testman's ghost
 30397 | D:15     | Entered Level 15 of the Dungeon
 30489 | D:15     | Reached skill level 16 in Fighting
 30599 | D:15     | Noticed Azrael
 30606 | D:15     | Killed Azrael
 31021 | D:15     | Found a staircase to the Depths.
 31333 | Spider:1 | Entered Level 1 of the Spider Nest
 31500 | Spider:1 | Reached XP level 16. HP: 115/152 MP: 32/32
 31710 | Spider:1 | Reached skill level 5 in Armour
 32112 | Spider:2 | Reached skill level 17 in Fighting
 33186 | Spider:3 | Noticed Asterion
 33223 | Spider:3 | Killed Asterion
 33545 | Spider:3 | Noticed Jorgrun
 33569 | Spider:3 | Killed Jorgrun
 33865 | Spider:4 | Entered Level 4 of the Spider Nest
 33980 | Spider:4 | Identified the +0 pair of gloves "Goxzoisi" {Int+4}
 34196 | Spider:4 | Reached skill level 18 in Fighting
 34514 | Spider:4 | Learned a level 4 spell: Animate Dead
 34562 | Spider:4 | Noticed Donald
 34575 | Spider:4 | Killed Donald
 34576 | Spider:4 | Reached skill level 1 in Necromancy
 34598 | Spider:4 | Noticed Bai Suzhen
 34708 | Shoals:1 | Entered Level 1 of the Shoals
 35632 | Shoals:1 | Found Mamy's General Store.
 36080 | Shoals:2 | You fall into a shaft and drop 1 floor!
 36080 | Shoals:3 | Noticed Ilsuiw
 36086 | Shoals:3 | Killed Ilsuiw
 36087 | Shoals:3 | Reached XP level 17. HP: 127/166 MP: 33/33
 36640 | Shoals:3 | Reached skill level 5 in Necromancy
 37547 | Shoals:4 | Entered Level 4 of the Shoals
 37547 | Shoals:4 | Noticed Polyphemus
 37547 | Shoals:4 | Noticed Nikola
 37849 | Shoals:4 | Got a barnacled rune of Zot
 37942 | Shoals:4 | Reached skill level 19 in Fighting
 38060 | Shoals:4 | Killed Polyphemus
 38208 | Shoals:4 | Killed Nikola
 38365 | Shoals:4 | Noticed Mlioglotl
 38374 | Shoals:4 | Killed Mlioglotl
 38453 | Shoals:4 | Found the +7 Spriggan's Knife {stab, EV+4 Stlth+}
 38801 | Shoals:4 | Identified the +1 scale mail of Death's Door {Rampage rElec
                  | rPois rC-}
 39280 | Spider:4 | Killed Bai Suzhen
 39897 | Spider:4 | Got a gossamer rune of Zot
 40835 | Vaults:1 | Entered Level 1 of the Vaults
 41022 | Vaults:1 | Reached skill level 20 in Fighting
 41028 | Vaults:1 | Reached XP level 18. HP: 48/174 MP: 35/35
 41522 | Vaults:1 | Found Raablesa's Jewellery Boutique.
 41534 | Vaults:1 | Reached skill level 10 in Necromancy
 41717 | Vaults:1 | Learned a level 4 spell: Anguish
 42648 | Vaults:2 | Noticed Xtahua
 42662 | Vaults:2 | Killed Xtahua
 42674 | Vaults:2 | Found a crumbling gateway.
 42683 | Desolati | Entered the Desolation of Salt
 42823 | Desolati | Reached skill level 21 in Fighting
 42994 | Desolati | Identified the +3 scale mail "Kiran" {Harm rF- Str+4 Int+3
                  | Dex+2}
 43000 | Desolati | Identified the +9 sling of Megalomania {freeze, rElec
                  | Stlth+}
 43003 | Desolati | Got Mnoleg's Secrets of Convocation
 43271 | Desolati | Got the Catalogue of the Summer
 43277 | Desolati | Got Ewiss's Papyrus of the Boulder
 43284 | Desolati | Learned a level 5 spell: Borgnjor's Vile Clutch
 43335 | Desolati | Identified the +0 pair of gloves "Wapnaecu" {-Cast rC+
                  | rCorr Str+4 Dex+2}
 43359 | Desolati | Identified the amulet "Bamnyomo" {Acrobat Str+3 Int-3 SInv}
 43498 | Desolati | Identified the +6 rapier "Xuppi" {distort, rElec rF+}
 43499 | Desolati | Identified the amulet "Famuegg" {RegenMP rPois Int+2}
 43506 | Desolati | Identified the amulet "Keomeyrphu" {Spirit rN+}
 43507 | Desolati | Identified the amulet "Haum" {Faith +Inv}
 43994 | Vaults:2 | Found Egoeqilu's Assorted Antiques.
 44002 | Vaults:2 | Bought a scroll of teleportation for 111 gold pieces
 44002 | Vaults:2 | Bought a twitching iron amulet for 185 gold pieces
 44002 | Vaults:2 | Identified the amulet "Temapast" {Faith Fragile Fly rElec
                  | Int+4} (You bought it in a shop on level 2 of the Vaults)
 44202 | Vaults:2 | Reached XP level 19. HP: 158/189 MP: 29/36
 45049 | Vaults:2 | Found a staircase to the Crypt.
 45275 | Vaults:3 | You fall into a shaft and drop 1 floor!
 45311 | Vaults:3 | Found Hefee's Magic Scroll Boutique.
 45318 | Vaults:3 | Bought a scroll of amnesia for 56 gold pieces
 45394 | Vaults:3 | Reached skill level 10 in Armour
 46349 | Vaults:3 | Reached skill level 22 in Fighting
 47035 | Vaults:4 | Identified the +5 chain mail of the Trout {rF+ rN+ SInv}
 48245 | Elf:1    | Entered Level 1 of the Elven Halls
 48425 | Elf:1    | Reached XP level 20. HP: 182/200 MP: 37/37
 48497 | Elf:1    | Reached skill level 1 in Dodging
 48497 | Elf:1    | Reached XP level 21. HP: 207/207 MP: 38/38
 48667 | Elf:1    | Identified the +8 trident "Grim" {flame, rPois rCorr Int+2}
 49328 | Elf:2    | Found a runed translucent gate.
 49328 | Elf:2    | Found a runed translucent gate.
 49385 | Elf:2    | Found a runed translucent gate.
 49484 | Elf:3    | Entered Level 3 of the Elven Halls
 49713 | Elf:3    | Reached skill level 15 in Necromancy
 50052 | Elf:3    | Found Winyjowk's Distillery.
 50201 | Elf:3    | Identified the ring "Ogryr" {rPois Will- rCorr Str+4 Dex+6}
 50611 | Elf:3    | Bought a potion of curing for 45 gold pieces
 50611 | Elf:3    | Bought a potion of curing for 45 gold pieces
 50611 | Elf:3    | Bought a potion of curing for 45 gold pieces
 50751 | Elf:3    | Identified the +9 war axe of Trial by Ordeal {freeze, rF-
                  | rC+ rCorr MP-9 Str+7}
 50883 | Elf:3    | Identified the +1 plate armour "Tyxaenki" {*Slow Str+5
                  | Int+2}
 51024 | Elf:3    | Identified the +7 morningstar "Olucytyr" {speed, rElec
                  | rCorr Str-3 Stlth+}
 51034 | Elf:3    | Identified the +1 pair of boots of Wacathuc {Str+3 Dex+3}
 51087 | Elf:3    | Learned a level 2 spell: Wereblood
 51100 | Elf:3    | Identified the +6 dagger "Ruvom" {pain, rF+ Int+4}
 51390 | Elf:3    | Found Winyjowk's Distillery.
 51872 | Elf:2    | Reached skill level 23 in Fighting
 52540 | Depths:1 | Entered Level 1 of the Depths
 52833 | Depths:1 | Found a runed translucent door.
 52846 | Depths:1 | Found a runed translucent gate.
 52846 | Depths:1 | Found a runed translucent gate.
 52847 | Depths:1 | Found a runed translucent gate.
 52889 | Depths:1 | Found Beulut's Assorted Antiques.
 52889 | Depths:1 | Noticed Bysat's ghost (adept DgFi)
 52911 | Depths:1 | Found Wyutiqoq's Assorted Antiques.
 53057 | Depths:1 | Noticed a dread lich
 53062 | Depths:1 | Killed a dread lich
 53087 | Depths:1 | HP: 8/165 [spark wasp (5)]
 53091 | Depths:1 | Killed from afar by a lich

Illustrated notes

Levels and vault maps discovered:
D:1:      ebering_trefoil_twist, layout_basic, palyth_stone_intersect
D:2:      minmay_skewed_foursquare, layout_basic
D:3:      layout_loops_ring, ebering_ecumenical_altar_sacrificial, serial_shops,
          nicolae_shop_stone, minmay_gold_behind_fungi
D:4:      layout_loops_ring, portal_sewer_entry_f, minivault_26, uniq_ijyb,
          uniq_crazy_yiuf_cottage, uniq_blork_the_orc
D:5:      layout_layer_cave, serial_shops, nicolae_shop_crystal,
          nicolae_specific_store, uniq_sigmund
D:6:      layout_loops_corners, kennysheep_mini, minmay_temple_entry_metal_lava,
          serial_aquarium, aquarium_bridge_straight [aquarium_subvault_bridge,
          aquarium_subvault_wall, aquarium_subvault_bridge,
          aquarium_subvault_window], aquarium_window_1, aquarium_window_3,
          aquarium_window_fake, aquarium_view_4, aquarium_view_2d,
          nicolae_shop_gadgets, uniq_grinder, uniq_menkaure, uniq_maggie
D:7:      layout_loops_corners, grunt_temple_overflow_growth_and_decay
D:8:      layout_loops_cross, dreamdust_princess_bridge, uniq_gastronok,
          uniq_psyche, uniq_pikel
D:9:      gammafunk_boulding_lane, layout_layer_cave, kennysheep_little_box,
          serial_shops, shop, minmay_checkerbox
D:10:     minmay_blocky_corners, layout_cave_pools,
          mainiacjoe_overflow_chevrons, overflow_temple_1_default,
          dpeg_lair_monsters, david_orc_5, uniq_lodul, uniq_erolcha
D:11:     layout_basic
D:12:     layout_cave_pools, gammafunk_ghost_grave, okawaru_ov_weapons_minmay
D:13:     layout_small_grid, kennysheep_small_spiral, kennysheep_generic_room_5
D:14:     layout_grid_maze, erik_vaults_2, minmay_hedge_maze,
          ebering_ghost_funeral_grove
D:15:     grunt_enter_depths_snipers, layout_rooms, hangedman_decor_riveting,
          uniq_azrael
Temple:   kb_temple_of_zot
Lair:1:   layout_gridlike
Lair:2:   lemuel_slime, layout_loops_ring, minmay_shoals_entry_hut,
          infiniplex_staircase_pool_2, uniq_amaemon, uniq_erica
Lair:3:   layout_cellular_growth, dummy_spider_entry, basic_altar, uniq_snorg
Lair:4:   layout_regular_city, basic_altar, enter_volcano_2,
          nicolae_lair_lakeside_cave, infiniplex_staircase_pool, uniq_kirke
Lair:5:   evil_forest, layout_regular_city, dpeg_slime_entry_enclosed
Shoals:1: layout_shoals, serial_shops, shop
Shoals:2: layout_shoals
Shoals:3: layout_shoals, nicolae_shoals_hunting_party, uniq_ilsuiw
Shoals:4: shoals_end_simple, layout_shoals, uniq_polyphemus, uniq_nikola,
          uniq_mlioglotl
Spider:1: layout_spider_delve
Spider:2: layout_spider_delve, hangedman_spider_tarantella_strand
Spider:3: layout_cave_pods, uniq_jorgrun, uniq_asterion
Spider:4: spider_rune_water, uniq_donald, uniq_bai_suzhen
Orc:1:    nicolae_orc_accident_1, layout_caves, uniq_fannar
Orc:2:    st_orc_town, layout_caves
Elf:1:    layout_rooms, kennysheep_underground_church
Elf:2:    elven_hall_of_blades_hangedman_original
          [nicolae_blade_entry_floor_patterns], layout_rooms
Elf:3:    minmay_elf_hall_circle, layout_onion_city, serial_shops,
          nicolae_shop_waterfront, grunt_ministairs_13
Vaults:1: v_misc_25, nicolae_vaults_border_crossing, hangedman_vaults_cutoff,
          serial_ice_b, ontoclasm_vaults_ligature, vaults_standard_mumra_lines,
          v_misc_31, hangedman_vaults_capsules, nicolae_vaults_ninety_degrees,
          ontoclasm_vaults_ring_large, layout_vaults_ring, serial_shops, shop
Vaults:2: portal_desolation_entry_nicolae_slug, hangedman_vaults_corner,
          nicolae_vaults_arrows, v_misc_28, v_misc_29, vaults_mumra_minichess,
          v_misc_9, vaults_room_fancy_cross, minmay_crypt_entry_simple_box,
          vaults_mumra_chevron, nicolae_vaults_hallways_thing,
          ontoclasm_vaults_pinch, layout_vaults_maze, serial_shops, shop,
          uniq_xtahua
Vaults:3: vaults_room_stairs_pillars, ontoclasm_vaults_eye, grunt_vaults_focal,
          hangedman_vaults_stream, st_lines, v_misc_2, v_rooms_3,
          dpeg_vaults_monster_row, ontoclasm_vaults_chip, vaults_room_grid,
          vaults_dpeg_encased_lava, v_misc_14, ontoclasm_vaults_loading_screen,
          layout_vaults_omnicross, serial_shops, shop_scrolls
Vaults:4: vaults_mumra_chevron_long, v_rooms_6, v_alt_pattern_4,
          hangedman_vaults_pinch, vaults_dpeg_hooks,
          nicolae_vaults_ring_of_whatevers, ontoclasm_vaults_tryst,
          nicolae_vaults_little_squares_6, nicolae_vaults_little_squares_5,
          layout_vaults_omnigrid, serial_shops, bzr_entry_safe
Depths:1: layout_roguey, hell_entry, ebering_ghost_gozag, special_room
          [special_room_morgue], minmay_crystal_box, grunt_megastairs_1

Skill      XL: |  1  2  3  4  5  6  7  8  9 10 11 12 13 14 15 16 17 18 19 20 21 |
---------------+----------------------------------------------------------------+-----
Axes           | 2 3 4 5 6 7 9 11 13 14 16 17 18 | 18.5
Fighting       | 6 9 10 12 14 16 18 20 21 22 23 | 23.1
Evocations     | 2 6 9 10 | 10.0
Spellcasting   | 4 8 |  8.0
Armour         | 4 8 9 11 13 | 13.4
Necromancy     | 4 9 12 14 15 | 15.8
Dodging        | 1 |  1.8
Shields        | |  2.6

Action                   |  1- 3 |  4- 6 |  7- 9 | 10-12 | 13-15 | 16-18 | 19-21 || total
-------------------------+-------+-------+-------+-------+-------+-------+-------++-------
Melee: War axe           |   171 |   203 |   230 |   228 |    56 |     5 |       ||   893
       Broad axe         |       |       |       |   320 |   782 |  1090 |   797 ||  2989
       Whip              |       |       |       |     1 |    25 |       |       ||    26
       Battleaxe         |       |       |       |       |    41 |       |       ||    41
       Scimitar          |       |       |       |       |     9 |       |       ||     9
       Punch             |       |       |       |       |     2 |       |       ||     2
       Lochaber axe      |       |       |       |       |       |       |    13 ||    13
 Fire: Sling             |       |       |       |       |       |       |     3 ||     3
Throw: Dart              |       |       |     1 |    36 |       |       |     3 ||    40
       Boomerang         |       |       |       |     6 |     3 |       |       ||     9
 Cast: Blink             |       |       |       |       |     1 |       |     2 ||     3
       Animate Dead      |       |       |       |       |       |     5 |    11 ||    16
       Anguish           |       |       |       |       |       |     4 |    12 ||    16
       Wereblood         |       |       |       |       |       |       |     1 ||     1
       Borgnjor's Vile C |       |       |       |       |       |       |     1 ||     1
Evoke: Wand              |       |     6 |    11 |    25 |       |       |     2 ||    44
       Lightning rod     |       |       |       |     4 |     3 |       |     3 ||    10
       Box of beasts     |       |       |       |     1 |     1 |     3 |     2 ||     7
       Tin of tremorston |       |       |       |       |       |       |     2 ||     2
       Phial of floods   |       |       |       |       |       |       |     1 ||     1
       Condenser vane    |       |       |       |       |       |       |     1 ||     1
  Use: Potion            |       |     1 |       |     2 |       |     5 |     5 ||    13
       Scroll            |       |     5 |     4 |    17 |    19 |     5 |     9 ||    59
 Stab: Sleeping          |       |       |     1 |       |       |       |       ||     1
       Distracted        |       |       |       |     7 |    13 |    39 |    28 ||    87
Armor: Scale mail        |   105 |    69 |     4 |       |       |       |       ||   178
       Chain mail        |       |       |    21 |       |   111 |   276 |       ||   408
       Steam dragon scal |       |       |    25 |    23 |       |       |       ||    48
       Skin              |       |       |     2 |       |       |       |       ||     2
       Plate armour      |       |       |       |   118 |    33 |       |    16 ||   167
       Leather armour    |       |       |       |     1 |    12 |       |       ||    13
       Ring mail         |       |       |       |       |   165 |       |       ||   165
       Storm dragon scal |       |       |       |       |       |   202 |   276 ||   478
Dodge: Dodged            |    87 |    59 |    59 |   122 |   196 |   233 |   139 ||   895
Block: Buckler           |    40 |    99 |    86 |   177 |   251 |   431 |   287 ||  1371
       Reflection        |       |     3 |     2 |    18 |    32 |    38 |    38 ||   131
       Other             |       |       |       |       |    24 |       |     1 ||    25

Table legend: (Time is in decaauts)
 A = Elapsed time spent in this place.
 B = Non-inter-level travel time spent in this place.
 C = Inter-level travel time spent in this place.
 D = Time resting spent in this place.
 E = Time spent auto-exploring this place.
 F = Levels seen in this place.
 G = Mean time per level.
                   A        B        C        D        E       F      G
               +--------+--------+--------+--------+--------+-----+--------+
         Total |  52997 |  48552 |   4445 |   8683 |  23786 |  42 | 1261.8 |
       Dungeon |  21169 |  18745 |   2424 |   3839 |   9957 |  15 | 1411.3 |
        Temple |      1 |      1 |      0 |      0 |      0 |   1 |    1.0 |
          Lair |   8105 |   7380 |    725 |   1596 |   3655 |   5 | 1621.0 |
        Shoals |   4695 |   4403 |    292 |    769 |   2042 |   4 | 1173.8 |
   Spider Nest |   4716 |   4342 |    374 |    531 |   2442 |   4 | 1179.0 |
  Orcish Mines |   1725 |   1549 |    176 |    184 |    800 |   2 |  862.5 |
   Elven Halls |   3997 |   3829 |    168 |    468 |   1812 |   3 | 1332.3 |
        Vaults |   6160 |   5876 |    284 |    872 |   2528 |   4 | 1540.0 |
        Depths |    552 |    552 |      0 |    192 |     24 |   1 |  552.0 |
         Sewer |    505 |    505 |      0 |     22 |    286 |   1 |  505.0 |
       Volcano |    455 |    455 |      0 |     58 |    114 |   1 |  455.0 |
    Desolation |    912 |    912 |      0 |    148 |    123 |   1 |  912.0 |
               +--------+--------+--------+--------+--------+-----+--------+

Top non-repeatable levels by time:
     D:9: 3087 daAuts
     D:8: 2320 daAuts
   Elf:3: 2152 daAuts
Spider:4: 2028 daAuts
  Lair:2: 1948 daAuts
     D:6: 1913 daAuts
    D:10: 1872 daAuts
     D:7: 1838 daAuts
Vaults:2: 1701 daAuts
  Lair:4: 1661 daAuts
Vaults:1: 1608 daAuts
  Lair:5: 1606 daAuts
Vaults:3: 1565 daAuts
  Lair:1: 1511 daAuts
Shoals:3: 1423 daAuts
